 Dungeon Crawl Stone Soup version 0.31-a0-473-g61b50ae490 (webtiles) character file.

Game seed: 14972136303233412046

1050 pokeman the Thaumaturge (level 8, -1/44 HPs)
             Began as a Deep Elf Hedge Wizard on Aug 6, 2023.
             Killed by nerve-wracking pain
             ... invoked by Menkaure
              (14 damage)
             ... on level 5 of the Dungeon.
             The game lasted 00:10:36 (5549 turns).

pokeman the Thaumaturge (Deep Elf Hedge Wizard)     Turns: 5549, Time: 00:10:36

Health: -1/44      AC:  4    Str:  5    XL:     8   Next: 5%
Magic:  17/23      EV: 13    Int: 22    God:
Gold:   235        SH:  0    Dex: 14    Spells: 17/25 levels left

rFire   x . .        a - +0 short sword (venom)
rCold   + + .        (no shield)
rNeg    . . .        b - +0 robe
rPois   .            c - +0 hat
rElec   .            (no cloak)
rCorr   .            w - +1 pair of gloves "Xainkaos" {+Inv rF- rC++ Str-2}
SInv    .            (no boots)
Will    .....        (no amulet)
Stlth   ++           (no ring)
HPRegen 0.27/turn    (no ring)
MPRegen 0.18/turn

%: no passive effects
@: no status effects
A: no striking features
a: Evoke Invisibility


You were on level 5 of the Dungeon.
You visited 1 branch of the dungeon, and saw 5 of its levels.
You also visited: Sewer.

You collected 283 gold pieces.
You spent 48 gold pieces at shops.

Inventory:

Hand Weapons
 a - a +0 short sword of venom (weapon)
 q - the +6 dagger "Zonuach" {heavy, Dex+4}
   (You found it on level 2 of the Dungeon)

   Dex:       It affects your dexterity (+4).
Missiles
 t - a curare-tipped dart
Armour
 b - a +0 robe (worn)
 c - a +0 hat (worn)
 w - the +1 pair of gloves "Xainkaos" (worn) {+Inv rF- rC++ Str-2}
   (You found it on level 4 of the Dungeon)

   Str:       It affects your strength (-2).
   rF:        It makes you vulnerable to fire.
   rC:        It greatly protects you from cold.
   +Inv:      It lets you turn invisible.
Magical Staves
 C - a staff of death
Scrolls
 h - 4 scrolls of identify {unknown}
 i - 2 scrolls of revelation {unknown}
 j - 2 scrolls of fear {unknown}
 m - 5 scrolls of teleportation {unknown}
 n - a scroll of fog {unknown}
 r - 2 scrolls of brand weapon {unknown}
 x - a scroll of amnesia {unknown}
 y - a scroll of poison {unknown}
 A - a scroll of noise {unknown}
 D - a scroll of enchant armour {unknown}
 E - a scroll of blinking {unknown}
 F - a scroll of summoning {unknown}
Potions
 d - a potion of magic
 e - 2 potions of mutation {unknown}
 f - a potion of might {unknown}
 g - 5 potions of curing
 k - 2 potions of brilliance {unknown}
 l - 3 potions of heal wounds {unknown}
 o - 2 potions of resistance {unknown}
 p - 2 potions of enlightenment {unknown}
 s - a potion of experience {unknown}
 u - a potion of cancellation {unknown}
 v - a potion of haste {unknown}
 z - a potion of attraction {unknown}
 B - a potion of invisibility {unknown}


   Skills:
 - Level 2.0 Fighting
 + Level 2.1 Armour
 - Level 3.1 Dodging
 - Level 3.2 Stealth
 * Level 9.1 Spellcasting
 + Level 4.6 Conjurations
 - Level 1.1 Summonings
 + Level 2.2 Necromancy
 - Level 1.1 Translocations
 - Level 1.1 Air Magic
 - Level 1.0 Poison Magic
 - Level 1.0 Evocations


You had 17 spell levels left.
You knew the following spells:

 Your Spells              Type           Power      Damage    Failure   Level
a - Magic Dart            Conj           100%       1d8       1%          1
b - Mephitic Cloud        Conj/Pois/Air  20%        N/A       8%          3
c - Call Imp              Summ           28%        N/A       6%          2
d - Blink                 Tloc           28%        N/A       6%          2

Your spell library contained the following spells:

 Spells                   Type           Power      Damage    Failure   Level
 Apportation              Tloc           28%        N/A       4%          1
 Cigotuvi's Dreadful Rot  Necr/Pois/Air  32%        N/A       5%          2
 Lesser Beckoning         Tloc           28%        N/A       6%          2
 Slow                     Hex            40%        N/A       7%          1
 Gell's Gravitas          Tloc           14%        N/A       13%         3
 Teleport Other           Tloc           14%        N/A       13%         3
 Alistair's Intoxication  Tmut/Pois      8%         N/A       83%         5


Dungeon Overview and Level Annotations

Branches:
Dungeon (5/15)              Sewer (visited)
 Temple: D:4-7

Altars:
Zin

Shops:
D:1 (   D:2 !   D:3 *!   D:5 *

Annotations:
D:4 Edmund
D:5 Menkaure


Message History

Aim: Menkaure (wandering, hasn't noticed you, 100% to hit)
The magic dart hits Menkaure.
Menkaure is moderately damaged.
Menkaure shouts!
Casting: Magic Dart (safe; 1% risk of failure)
Confirm with . or Enter, or press ? or * to list all spells.
Aiming: Magic Dart (safe; 1% risk of failure)
Press: ? - help, Shift-Dir - straight line, f/p - Menkaure
Aim: Menkaure (moderately damaged, 100% to hit)
The magic dart hits Menkaure but does no damage.
Menkaure is moderately damaged.
Casting: Magic Dart (safe; 1% risk of failure)
Confirm with . or Enter, or press ? or * to list all spells.
Aiming: Magic Dart (safe; 1% risk of failure)
Press: ? - help, Shift-Dir - straight line, f/p - Menkaure
Aim: Menkaure (moderately damaged, 100% to hit)
The magic dart hits Menkaure.
Menkaure is moderately damaged.
Menkaure calls on the powers of darkness!
Your body is wracked with pain!
Casting: Magic Dart (safe; 1% risk of failure)
Confirm with . or Enter, or press ? or * to list all spells.
Aiming: Magic Dart (safe; 1% risk of failure)
Press: ? - help, Shift-Dir - straight line, f/p - Menkaure
Aim: Menkaure (moderately damaged, 100% to hit)
The magic dart hits Menkaure.
Menkaure is moderately damaged.
Menkaure calls on the powers of darkness!
Your body is wracked with pain!
* * * LOW HITPOINT WARNING * * *
Casting: Magic Dart (safe; 1% risk of failure)
Confirm with . or Enter, or press ? or * to list all spells.
Aiming: Magic Dart (safe; 1% risk of failure)
Press: ? - help, Shift-Dir - straight line, f/p - Menkaure
Aim: Menkaure (moderately damaged, 100% to hit)
The magic dart hits Menkaure.
Menkaure is heavily damaged.
Menkaure points at you and mumbles some strange words.
Pain shoots through your body!
You die...

##.## #.##.# #.#####
####.####.##.# #.#
#.......#.##.# ###.#####
#.##.##.#.##.# #######........
#.##.##.#.##.# #..............
#.##.##.#.##.# #.#####...#####
#.##.##.#.##.# #.# #.#.# #
#.##.#....##.#####.# #.#.#####
#.##...[.)M...)@.#.# #.#......
#.####....##.###.#.# #........
#.# ##.#)##.# #.#.# #..######
#.# #.#.##.###.#.#####..#### #
#.# #.#.##.................# #
#.#####.#........#..########.#
# #.......########.#..# #.# #
######### #.#..# #.# # #.##.#
#.# #


You could see Menkaure.

Vanquished Creatures
  A water moccasin (D:5)
  2 ogres (D:5)
  A centaur (D:4)
  2 kobold brigands (Sewer)
  3 scorpions
  3 orc priests (D:5)
  A jelly (D:4)
  A hound (D:3)
  A sleepcap (D:4)
  9 adders
  2 ufetubi
  A worm (D:3)
  4 dart slugs (D:1)
  8 orcs
  11 ball pythons
  7 endoplasms
  6 giant cockroaches
  7 goblins
  6 hobgoblins
  3 jackals (D:3)
  5 quokkas
  6 bats
  2 frilled lizards
  17 kobolds
  7 rats
116 creatures vanquished.

Notes
Turn   | Place    | Note
-------+----------+-------------------------------------------
     0 | D:1      | pokeman the Deep Elf Hedge Wizard began the quest for the
                  | Orb.
     0 | D:1      | Reached XP level 1. HP: 10/10 MP: 7/7
   254 | D:1      | Reached XP level 2. HP: 16/16 MP: 7/9
   718 | D:1      | Reached skill level 5 in Spellcasting
   828 | D:1      | Reached XP level 3. HP: 2/20 MP: 7/11
   832 | D:1      | Learned a level 3 spell: Mephitic Cloud
   835 | D:1      | Learned a level 2 spell: Call Imp
   838 | D:1      | Learned a level 2 spell: Blink
  1186 | D:1      | Found Arotozy's Weapon Boutique.
  1201 | D:1      | Found a faded altar of an unknown god.
  1328 | D:2      | Reached skill level 1 in Fighting
  1470 | D:2      | Reached skill level 1 in Armour
  1622 | D:2      | Reached XP level 4. HP: 25/25 MP: 8/13
  1718 | D:2      | Found Oroqu's Distillery.
  1728 | D:2      | Bought a potion of curing for 36 gold pieces
  1728 | D:2      | Bought a potion of degeneration for 12 gold pieces
  2125 | D:2      | Identified the +6 dagger "Zonuach" {heavy, Dex+4}
  2409 | D:3      | Found a glowing drain.
  2414 | Sewer    | Entered a sewer
  2432 | Sewer    | Noticed a kobold brigand
  2458 | Sewer    | Killed a kobold brigand
  2459 | Sewer    | Reached skill level 6 in Spellcasting
  2459 | Sewer    | Reached XP level 5. HP: 9/29 MP: 3/15
  2731 | Sewer    | Reached XP level 6. HP: 25/34 MP: 10/17
  2928 | D:3      | Found Seifi's Distillery.
  2937 | D:3      | Found Zin's Purification Station.
  2939 | D:3      | Found a glowing silver altar of Zin.
  3008 | D:3      | You fall into a shaft and drop 1 floor!
  3019 | D:4      | Reached skill level 1 in Poison Magic
  3669 | D:4      | Reached skill level 7 in Spellcasting
  3669 | D:4      | Reached skill level 1 in Air Magic
  3720 | D:4      | Identified the +1 pair of gloves "Xainkaos" {+Inv rF- rC++
                  | Str-2}
  3749 | D:4      | Noticed Edmund
  4151 | D:4      | Reached XP level 7. HP: 32/39 MP: 17/20
  4579 | D:5      | Entered Level 5 of the Dungeon
  4677 | D:5      | Reached skill level 8 in Spellcasting
  4815 | D:5      | Found Biloir's General Store.
  4824 | D:5      | Noticed Menkaure
  4924 | D:5      | Reached skill level 1 in Necromancy
  4924 | D:5      | Reached skill level 1 in Evocations
  5521 | D:5      | Reached skill level 9 in Spellcasting
  5521 | D:5      | Reached XP level 8. HP: 44/44 MP: 16/23
  5549 | D:5      | Killed from afar by Menkaure

Illustrated notes

Levels and vault maps discovered:
D:1:      psy_arrival_heroes, layout_basic, dilly_ecumenical_altar_fadedgnrine,
          serial_shops, nicolae_shop_behind_doors
D:2:      layout_loops_cross, serial_shops, shop, minmay_liquid_box
D:3:      layout_basic, zin_purify, portal_sewer_entry_e, serial_shops, shop
D:4:      layout_loops_ring, uniq_edmund
D:5:      layout_loops_ring, serial_shops, nicolae_shop_tiny_glass,
          uniq_menkaure

Skill      XL: |  1  2  3  4  5  6  7 |
---------------+----------------------+-----
Spellcasting   | 5 6 7 9 |  9.1
Fighting       | 1 2 |  2.0
Armour         | 1 2 |  2.1
Conjurations   | 2 3 4 |  4.6
Dodging        | 3 |  3.1
Stealth        | 3 |  3.2
Poison Magic   | 1 |  1.0
Air Magic      | 1 |  1.1
Necromancy     | 2 |  2.2
Evocations     | 1 |  1.0
Summonings     | |  1.1
Translocations | |  1.1

Action                     |  1- 3 |  4- 6 |  7- 9 || total
---------------------------+-------+-------+-------++-------
  Melee: Dagger            |     1 |       |       ||     1
         Short sword       |     8 |    40 |    32 ||    80
         Whip              |     7 |       |       ||     7
   Cast: Magic Dart        |    85 |   113 |    45 ||   243
         Mephitic Cloud    |       |     7 |     7 ||    14
         Call Imp          |       |     7 |     4 ||    11
         Blink             |       |     1 |       ||     1
   Stab: Sleeping          |     1 |       |       ||     1
         Confused          |       |     8 |     1 ||     9
 Armour: Robe              |     8 |    13 |     2 ||    23
  Dodge: Dodged            |    22 |    63 |    24 ||   109

Table legend: (Time is in decaauts)
 A = Elapsed time spent in this place.
 B = Non-inter-level travel time spent in this place.
 C = Inter-level travel time spent in this place.
 D = Time resting spent in this place.
 E = Time spent auto-exploring this place.
 F = Levels seen in this place.
 G = Mean time per level.
                   A        B        C        D        E       F      G
               +--------+--------+--------+--------+--------+-----+--------+
         Total |   5571 |   5407 |    164 |    164 |   4343 |   6 |  928.5 |
       Dungeon |   5086 |   4922 |    164 |    125 |   3995 |   5 | 1017.2 |
         Sewer |    485 |    485 |      0 |     39 |    347 |   1 |  485.0 |
               +--------+--------+--------+--------+--------+-----+--------+

Top non-repeatable levels by time:
     D:4: 1270 daAuts
     D:1: 1218 daAuts
     D:2: 1052 daAuts
     D:5: 782 daAuts
     D:3: 762 daAuts
   Sewer: 485 daAuts
